 Dungeon Crawl Stone Soup version 0.26-a0-602-gd42a14c23b (webtiles) character file.

Game seed: 10209584088818713843

49 Descartes the Shield-Bearer (level 4, -8/35 HPs)
             Began as a Formicid Fighter on Aug 30, 2020.
             Mangled by Sigmund
             ... wielding a +2 scythe of venom
              (11 damage)
             ... on level 2 of the Dungeon.
             The game lasted 00:02:08 (1439 turns).

Descartes the Shield-Bearer (Formicid Fighter)      Turns: 1439, Time: 00:02:09

Health: -8/35      AC: 10    Str: 21    XL:     4   Next: 1%
Magic:  4/4        EV:  6    Int:  8    God:
Gold:   87         SH: 10    Dex: 10    Spells: 3/3 levels left

rFire    . . .     SeeInvis +   a - +0 long sword
rCold    . . .     Faith    .   c - +0 kite shield
rNeg     . . .     Spirit   .   k - +0 chain mail
rPois    .         Reflect  .   (helmet unavailable)
rElec    .         Harm     .   n - +0 cloak {MR+}
rCorr    .                      (no gloves)
MR       +....                  (no boots)
Stlth    ..........             (no amulet)
HPRegen  0.11/turn              (no ring)
MPRegen  0.09/turn              (no ring)

@: lethally poisoned (-8 -> -28)
A: permanent stasis, dig shafts and tunnels, four strong arms, antennae 3
a: Dig, Shaft Self


You were on level 2 of the Dungeon.
You visited 1 branch of the dungeon, and saw 2 of its levels.

You collected 87 gold pieces.

Inventory:

Hand Weapons
 a - a +0 long sword (weapon)
Missiles
 e - 15 bolts
 f - 21 stones (quivered)
 m - 18 poisoned darts
Armour
 b - a +0 scale mail
 c - a +0 kite shield (worn)
 k - a +0 chain mail (worn)
 n - a +0 cloak of magic resistance (worn)
Scrolls
 g - a scroll of teleportation {unknown}
 i - 2 scrolls of identify {unknown}
 l - a scroll of fog {unknown}
Potions
 d - 2 potions of might
 h - a potion of haste {unknown}
 j - a potion of mutation {unknown}
 o - a potion of lignification {unknown}


   Skills:
 - Level 3.2 Fighting
 - Level 2.0 Long Blades
 - Level 3.2 Armour
 + Level 5.5 Shields


You had 3 spell levels left.
You didn't know any spells.
Your spell library was empty.

Dungeon Overview and Level Annotations

Branches:
Dungeon (2/15)

Altars:

Annotations:
D:2 Sigmund


Innate Abilities, Weirdness & Mutations

You cannot be hasted, slowed, berserked, paralysed or teleported.
You can dig through walls and to a lower floor.
Your four strong arms can wield two-handed weapons with a shield.
You have a pair of large antennae on your head. (SInv)


Message History

You hit Sigmund but do no damage.
Sigmund is severely wounded.
You feel very sick. You block the rat's attack. You block Sigmund's attack.
The rat bites you.
* * * LOW HITPOINT WARNING * * *
You hit Sigmund but do no damage.
Sigmund is severely wounded.
* * * LOW HITPOINT WARNING * * *
You feel very sick. The rat barely misses you. You block Sigmund's attack.
You closely miss Sigmund.
Sigmund is severely wounded.
* * * LOW HITPOINT WARNING * * *
You feel sick. You block the rat's attack.
You hit Sigmund.
Sigmund is severely wounded.
* * * LOW HITPOINT WARNING * * *
You feel sick.
Sigmund hits you with a +2 scythe of venom!
You die...

.....##..###.......#
#..# #.......# ##.#
#.......# #.#
#.......# #.#
#.......#
########.###.......#
..#.........##########
........†.>.#
.#...r@....#
#...@.....#
#.........#
......####### ......
...... #####


You could see Sigmund and a rat.

Vanquished Creatures
  An adder (D:2)
  A worm (D:2)
  2 leopard geckos (D:1)
  2 goblins (D:1)
  2 hobgoblins
  10 jackals
  3 kobolds
  A quokka (D:2)
  4 bats
  2 frilled lizards
  3 rats
31 creatures vanquished.

Notes
Turn   | Place    | Note
-------+----------+-------------------------------------------
     0 | D:1      | Descartes the Formicid Fighter began the quest for the Orb.
     0 | D:1      | Reached XP level 1. HP: 18/18 MP: 1/1
    60 | D:1      | Reached skill level 4 in Shields
   115 | D:1      | Reached XP level 2. HP: 18/24 MP: 2/2
   704 | D:1      | Reached XP level 3. HP: 28/29 MP: 3/3
   983 | D:2      | Reached skill level 5 in Shields
  1418 | D:2      | Noticed Sigmund
  1428 | D:2      | Reached XP level 4. HP: 19/35 MP: 4/4
  1439 | D:2      | Mangled by Sigmund

Illustrated notes

Levels and vault maps discovered:
D:1:      psy_arrival_radial01, layout_basic, hangedman_decor_lopped
D:2:      layout_basic, uniq_sigmund, uniq_natasha

Skill      XL: |  1  2  3 |
---------------+----------+-----
Shields        | 4 5 |  5.5
Fighting       | |  3.2
Long Blades    | |  2.0
Armour         | |  3.2

Action                   |  1- 3 |  4- 6 || total
-------------------------+-------+-------++-------
Melee: Long sword        |    90 |    11 ||   101
Armor: Scale mail        |    26 |       ||    26
       Chain mail        |    27 |    11 ||    38
Dodge: Dodged            |    41 |     3 ||    44
Block: Kite shield       |    54 |     6 ||    60
       Rpst.: Long sword |    17 |       ||    17

Table legend: (Time is in decaauts)
 A = Elapsed time spent in this place.
 B = Non-inter-level travel time spent in this place.
 C = Inter-level travel time spent in this place.
 D = Time resting spent in this place.
 E = Time spent auto-exploring this place.
 F = Levels seen in this place.
 G = Mean time per level.
                   A        B        C        D        E       F      G
               +--------+--------+--------+--------+--------+-----+--------+
         Total |   1473 |   1434 |     39 |      0 |   1189 |   2 |  736.5 |
       Dungeon |   1473 |   1434 |     39 |      0 |   1189 |   2 |  736.5 |
               +--------+--------+--------+--------+--------+-----+--------+

Top non-repeatable levels by time:
     D:1: 993 daAuts
     D:2: 480 daAuts
